 Dungeon Crawl Stone Soup version 0.18.1-48-g4cf74bf (webtiles) character file.

65 wemp the Conjurer (level 3, 0/24 HPs)
             Began as a Mummy Conjurer on July 14, 2016.
             Slain by a gnoll
             ... wielding a +0 club
              (7 damage)
             ... on level 2 of the Dungeon.
             The game lasted 00:03:51 (1797 turns).

wemp the Conjurer (Mummy Conjurer)                  Turns: 1797, Time: 00:03:52

Health: 0/24       AC:  2    Str: 11    XL:     3   Next: 92%
Magic:  0/6        EV: 12    Int: 15    God:
Gold:   17         SH:  0    Dex: 12    Spells: 2 memorised, 3 levels left

rFire  x . .     SeeInvis .     c - +0 short sword
rCold  + . .     Gourm    .     a - +0 robe
rNeg   + + +     Faith    .     (no shield)
rPois  ∞         Spirit   .     (no helmet)
rElec  .         Dismiss  .     (no cloak)
rCorr  .         Reflect  .     (no gloves)
SustAt .         Harm     .     (no boots)
MR     .....                    (no amulet)
Stlth  ++........               (no ring)
                                (no ring)

@: not resistant to hostile enchantments, unstealthy
A: no food or potions, fire vulnerability, cold resistance 1, negative energy
resistance 3, torment resistance, unbreathing
a: no special abilities


You were on level 2 of the Dungeon.
You were not hungry.

You visited 1 branch of the dungeon, and saw 2 of its levels.

You collected 17 gold pieces.

Inventory:

Hand Weapons
 c - a +0 short sword (weapon)
Armour
 a - a +0 robe (worn)
Scrolls
 d - a scroll of magic mapping {unknown}
 e - a scroll of noise {unknown}
 f - 2 scrolls of identify {unknown}
 g - a scroll of enchant weapon {unknown}
 h - a scroll of remove curse {unknown}
 i - a scroll of recharging {unknown}
Books
 b - a book of Conjurations

   Spells                             Type                      Level
   a - Magic Dart                     Conjuration                  1
   b - Searing Ray                    Conjuration                  2
   c - Dazzling Spray                 Conjuration/Hexes            3
   d - Fulminant Prism                Conjuration/Hexes            4
   e - Iskenderun's Mystic Blast      Conjuration                  4
   f - Iskenderun's Battlesphere      Conjuration/Charms           5


   Skills:
 + Level 0.1 Short Blades
 - Level 1.5 Dodging
 - Level 1.5 Stealth
 + Level 2.3 Spellcasting
 + Level 4.4 Conjurations


You had 3 spell levels left.
You knew the following spells:

 Your Spells              Type           Power        Failure   Level  Hunger
a - Magic Dart            Conj           ##..         4%          1    N/A
b - Searing Ray           Conj           ##....       8%          2    N/A

Dungeon Overview and Level Annotations

Branches:
Dungeon (2/15)

Altars:
Pakellas


Innate Abilities, Weirdness & Mutations

You do not eat or drink.
Your flesh is vulnerable to fire.
You are immune to poison.
Your flesh is cold resistant.
You are immune to negative energy.
You are immune to unholy pain and torment.
You can survive without breathing.


Message History

You hit the giant gecko.
You kill the giant gecko!
Casting: Magic Dart
Confirm with . or Enter, or press ? or * to list all spells.
Aiming: Magic Dart
Press: ? - help, Shift-Dir - straight line, f - gnoll
Aim: a gnoll, wielding a club and wearing a leather armour The magic dart hits the gnoll.
The gnoll hits you but does no damage.
Casting: Magic Dart
Confirm with . or Enter, or press ? or * to list all spells.
Aiming: Magic Dart
Press: ? - help, Shift-Dir - straight line, f/p - gnoll
Aim: a gnoll, wielding a club and wearing a leather armour The magic dart hits the gnoll.
The gnoll is lightly wounded.
The gnoll barely misses you.
You hit the gnoll but do no damage.
The gnoll is lightly wounded.
The gnoll hits you with a club!
You die...

#....######### #.#.##
#.†..........# #...##
#....#######.#########'### ####.#
#......##.......
#.######.####.##...#...
#......#!...#..#..#.#..
#########.#.##.#..'.#.#.#. ..#
#.#.##.#.##..#.#.. #.#
#@#....#.##...#... #.#
#g#<.###.##....).. #.#
#.##.###.#####'###
########.#######.#..÷...####...##
.......)....g..†.%...............
#########.##..............!..#...
#########.#######################
............# # #....#####.## #


You could see a gnoll.

Vanquished Creatures
  2 gnolls (D:2)
  2 dart slugs
  2 worms (D:2)
  2 giant geckos
  4 goblins
  4 hobgoblins
  2 jackals (D:2)
  3 bats
  2 giant newts
  7 kobolds
  4 rats (D:2)
34 creatures vanquished.

Notes
Turn   | Place    | Note
--------------------------------------------------------------
     0 | D:1      | wemp the Mummy Conjurer began the quest for the Orb.
     0 | D:1      | Reached XP level 1. HP: 13/13 MP: 3/3
   200 | D:1      | Reached XP level 2. HP: 14/19 MP: 3/5
   275 | D:1      | Learned a level 2 spell: Searing Ray
  1376 | D:2      | Reached XP level 3. HP: 24/24 MP: 1/6
  1437 | D:2      | Found an oddly glowing altar of Pakellas.
  1461 | D:2      | Reached skill level 4 in Conjurations
  1797 | D:2      | Slain by a gnoll

Skill      XL: |  1  2  3 |
---------------+----------+-----
Conjurations   | 4 |  4.4
Short Blades   | |  0.1
Dodging        | |  1.5
Stealth        | |  1.5
Spellcasting   | |  2.3

Action                   || total
-------------------------++-------
Melee: Short sword       ||    66
 Cast: Magic Dart        ||    51
       Searing Ray       ||     3
Armor: Robe              ||    10
Dodge: Dodged            ||    39
